 Dungeon Crawl Stone Soup version 0.28.0-62-gf88900778d (webtiles) character file.

Game seed: 563760951394493812

12 tkbsonic5 the Skirmisher (level 2, -4/24 HPs)
             Began as a Demonspawn Chaos Knight on Feb 28, 2023.
             Was a Plaything of Xom.
             Slain by a gnoll
             ... wielding a +0 spear
              (10 damage)
             ... on level 1 of the Dungeon.
             The game lasted 00:01:41 (534 turns).

tkbsonic5 the Skirmisher (Demonspawn Chaos Knight)   Turns: 534, Time: 00:01:42

Health: -4/24      AC:  5    Str:  9 (12) XL:     2   Next: 20%
Magic:  2/2        EV: 11    Int: 12 (13) God:    Xom [.....*]
Gold:   19         SH:  0    Dex: 10 (12) Spells: 1/1 levels left

rFire   . . .      SeeInvis .   a - +1 hand axe (chaos)
rCold   . . .      Faith    .   (no shield)
rNeg    . . .      Spirit   .   b - +2 leather armour
rPois   .          Reflect  .   (no helmet)
rElec   .          Harm     .   (no cloak)
rCorr   .          Rampage  .   (no gloves)
Will    .....                   (no boots)
Stlth   +.........              (no amulet)
HPRegen 0.08/turn               (no ring)
MPRegen 0.08/turn               (no ring)

@: no status effects
A: sturdy frame 1
a: Renounce Religion


You were on level 1 of the Dungeon.
You worshipped Xom.
You were Xom's teddy bear.
You visited 1 branch of the dungeon, and saw 1 of its levels.

You collected 19 gold pieces.

Inventory:

Hand Weapons
 a - a +1 hand axe of chaos (weapon)
Missiles
 c - 2 curare-tipped darts (quivered)
Armour
 b - a +2 leather armour (worn)


   Skills:
 * Level 3.2 Fighting
 * Level 2.9 Axes
 + Level 1.9 Armour
 + Level 1.0 Dodging


You had one spell level left.
You didn't know any spells.
Your spell library was empty.

Dungeon Overview and Level Annotations

Branches:
Dungeon (1/15)

Altars:


Innate Abilities, Weirdness & Mutations

Your movements are slightly less encumbered by armour. (ER -2)


Message History

You barely miss the rat. The rat barely misses you.
You barely miss the rat. The rat completely misses you.
You hit the rat.
You kill the rat!
A gnoll comes into view. It is wielding a +0 spear.
The gnoll shouts!
A gnoll is nearby!
As you read the scroll labelled WAUDISM SOTAI, it crumbles to dust.
You assume a fearsome visage.
The gnoll looks frightened!
It was a scroll of fear.
The gnoll looks petrified.
The gnoll howls in fear.
No target in view!
No target in view!
No target in view!
Found 18 bolts.
You see here 18 bolts.
Found 22 arrows.
The gnoll seems to regain its courage.
The gnoll hits you from afar with a +0 spear!
The gnoll barely misses you.
You barely miss the gnoll. The gnoll hits you but does no damage.
You closely miss the gnoll. The gnoll hits you with a +0 spear.
The gnoll completely misses you.
You are too injured to fight recklessly!
You are too injured to fight recklessly!
You are too injured to fight recklessly!
You are too injured to fight recklessly!
You are too injured to fight recklessly!
You closely miss the gnoll. The gnoll closely misses you.
You hit the gnoll but do no damage.
The gnoll goes berserk!
The gnoll closely misses you.
You hit the gnoll. You burn the gnoll. Your punch misses the gnoll.
The gnoll is lightly wounded.
The gnoll barely misses you. The gnoll hits you with a +0 spear.
* * * LOW HITPOINT WARNING * * *
You barely miss the gnoll.
The gnoll is lightly wounded.
The gnoll hits you with a +0 spear!
You die...

#...#.##.......##.#**,*,*,* #.#
#...#.##.......#*...,,*,*,* #.#
#####.########.#*####**,*,####.#
#.# #.# *,*,#....# #.# #.#
*,*,#.#### #.# #.#*******,*,#.#
#.# #.,,,,,,,,,*,#.#
#.#################**,#.####
#...(......@g......,,,#.....
###################***######


You could see a gnoll (berserk).

Vanquished Creatures
  2 bats (D:1)
  2 endoplasms (D:1)
  2 goblins (D:1)
  A quokka (D:1)
  2 frilled lizards (D:1)
  A kobold (D:1)
  2 rats (D:1)
12 creatures vanquished.

Notes
Turn   | Place    | Note
-------+----------+-------------------------------------------
     0 | D:1      | tkbsonic5 the Demonspawn Chaos Knight began the quest for
                  | the Orb.
     0 | D:1      | Reached XP level 1. HP: 18/18 MP: 1/1
   120 | D:1      | XOM: silly message
   259 | D:1      | XOM: silly message
   298 | D:1      | Reached skill level 1 in Dodging
   442 | D:1      | XOM: silly message
   467 | D:1      | Gained mutation: Your movements are slightly less
                  | encumbered by armour. (ER -2) [demonic ancestry]
   467 | D:1      | Reached XP level 2. HP: 24/24 MP: 2/2
   534 | D:1      | Slain by a gnoll

Illustrated notes

Levels and vault maps discovered:
D:1:      dpeg_arrival_orchard, layout_basic, minmay_tetromino_i2

Skill      XL: |  1 |
---------------+----+-----
Dodging        | 1 |  1.0
Fighting       | |  3.2
Axes           | |  2.9
Armour         | |  1.9

Action                   || total
-------------------------++-------
Melee: Hand axe          ||    34
Throw: Dart              ||     2
  Use: Scroll            ||     4
       Potion            ||     2
Armor: Leather armour    ||    11
Dodge: Dodged            ||    23
